 Dungeon Crawl Stone Soup version 0.30-a0-1002-ga41ad49a19 (webtiles) character file.

Game seed: 9153813405122868049

23254 CryoSword the Grappler (level 12, -19/92 HPs)
             Began as a Demonspawn Monk on Apr 4, 2023.
             Was an Elder of Makhleb.
             Demolished by a skyshark (21 damage)
             ... on level 3 of the Lair of Beasts.
             The game lasted 00:34:41 (15982 turns).

CryoSword the Grappler (Demonspawn Monk)           Turns: 15982, Time: 00:34:41

Health: -19/92     AC: 21    Str: 22    XL:     12   Next: 70%
Magic:  20/20      EV:  8    Int: 13    God:    Makhleb [****..]
Gold:   930        SH: 10    Dex: 15    Spells: 11/11 levels left

rFire   + . .      SeeInvis .      - Unarmed
rCold   . . .      Faith    .    F - +0 kite shield
rNeg    . . .      Spirit   .    f - +0 shadow dragon scales
rPois   .          Reflect  .    C - +1 helmet
rElec   .          Rampage  .    H - +2 cloak {rCorr}
rCorr   +                        (gloves unavailable)
Will    .....                    (no boots)
Stlth   ++++                     r - amulet of magic regeneration
HPRegen 0.35/turn                y - ring of protection from fire
MPRegen 0.57/turn                x - +6 ring of strength {=R}

@: no status effects
A: claws 3, yellow scales 1, demonic guardian 1, powered by pain 2
a: Renounce Religion, Minor Destruction, Lesser Servant of Makhleb, Major
Destruction


You were on level 3 of the Lair of Beasts.
You worshipped Makhleb.
Makhleb was greatly pleased with you.
You visited 3 branches of the dungeon, and saw 15 of its levels.
You also visited: Sewer and Bailey.

You collected 930 gold pieces.

Inventory:

Hand Weapons
 w - the +0 trident "Fuvas" {speed, Str+3 Int+4}
   (You found it on level 10 of the Dungeon)

   Str:       It affects your strength (+3).
   Int:       It affects your intelligence (+4).
Missiles
 i - 6 boomerangs of dispersal {!f}
 j - 14 poisoned darts (quivered)
 l - 2 boomerangs
 A - 2 throwing nets
Armour
 f - +0 shadow dragon scales (worn)
   (You took it off an orc warrior in a bailey)
 n - a +0 crystal plate armour
   (You took it off an orc warrior in a bailey)
 C - a +1 helmet (worn)
   (You found it on level 9 of the Dungeon)
 F - a +0 kite shield (worn)
   (You took it off an orc on level 9 of the Dungeon)
 H - a +2 cloak of preservation (worn)
   (You found it on level 2 of the Lair of Beasts)
Jewellery
 g - a ring of positive energy
   (You found it on level 6 of the Dungeon)
 r - an amulet of magic regeneration (around neck)
   (You found it on level 1 of the Lair of Beasts)
 x - a +6 ring of strength (right claw) {=R}
   (You took it off an orc on level 7 of the Dungeon)
 y - a ring of protection from fire (left claw)
   (You found it on level 8 of the Dungeon)
 E - a ring of see invisible
   (You found it on level 9 of the Dungeon)
Wands
 e - a wand of flame (23)
   (You found it on level 6 of the Dungeon)
 o - a wand of charming (11)
   (You took it off Ijyb on level 3 of the Dungeon)
 q - a wand of acid (4)
   (You found it on level 11 of the Dungeon)
 z - a wand of iceblast (5)
   (You found it on level 8 of the Dungeon)
Scrolls
 a - a scroll of fear
 b - a scroll of magic mapping
 d - 10 scrolls of teleportation {@r4}
 h - 2 scrolls of torment {unknown}
 p - 2 scrolls of enchant armour
 v - a scroll of blinking {unknown}
 G - a scroll of identify {@r1}
Potions
 c - a potion of haste {@q3}
 k - 2 potions of brilliance
 m - 6 potions of flight
 s - a potion of lignification {unknown}
 t - 3 potions of mutation {!q}
 u - 2 potions of cancellation
 B - 5 potions of curing {@q1}
 D - a potion of berserk rage
 I - a potion of magic {unknown}


   Skills:
 + Level 8.1 Fighting
 - Level 3.2 Polearms
 + Level 5.1 Armour
 - Level 5.0 Dodging
 - Level 6.0 Stealth
 * Level 6.5 Shields
 * Level 12.7 Unarmed Combat
 * Level 11.5 Invocations


You had 11 spell levels left.
You didn't know any spells.
Your spell library contained the following spells:

 Spells                   Type           Power      Damage    Failure   Level
 Necrotise                Necr           0%         1d4       100%        1
 Sting                    Tmut/Pois      0%         1d3       100%        1
 Blink                    Tloc           0%         N/A       100%        2
 Ensorcelled Hibernation  Hex/Ice        0%         N/A       100%        2
 Lesser Beckoning         Tloc           0%         N/A       100%        2
 Momentum Strike          Conj/Tloc      0%         3d8       100%        2
 Poisonous Vapours        Pois/Air       0%         N/A       100%        2
 Call Canine Familiar     Summ           0%         N/A       100%        3
 Portal Projectile        Hex/Tloc       0%         N/A       100%        3
 Spider Form              Tmut/Pois      0%         N/A       100%        3
 Vampiric Draining        Necr           0%         2d6       100%        3
 Anguish                  Hex/Necr       0%         N/A       100%        4
 Animate Armour           Summ/Erth      0%         N/A       100%        4
 Leda's Liquefaction      Hex/Erth       0%         N/A       100%        4
 Olgreb's Toxic Radiance  Pois           0%         N/A       100%        4
 Summon Ice Beast         Ice/Summ       0%         N/A       100%        4
 Agony                    Necr           0%         N/A       100%        5
 Blade Hands              Tmut           0%         N/A       100%        5
 Summon Mana Viper        Hex/Summ       0%         N/A       100%        5
 Iron Shot                Conj/Erth      0%         9d1       100%        6
 Monstrous Menagerie      Summ           0%         N/A       100%        7


Dungeon Overview and Level Annotations

Branches:
Dungeon (11/15)            Temple (1/1) D:5            Lair (3/5) D:9
  Swamp (0/4) Lair:2        Snake (0/4) Lair:2          Orc (0/2) D:9
  Sewer (visited)          Bailey (visited)

Altars:
Ashenzari
Fedhas
Gozag
Hepliaklqana
Kikubaaqudgha
Makhleb
Qazlal
Sif Muna
Trog
Vehumet
Wu Jian
Xom
Yredelemnul


Innate Abilities, Weirdness & Mutations

You have claws for hands.
You are partially covered in yellow scales. (AC +2)
A weak demonic guardian rushes to your aid.
You sometimes gain power by taking damage.


Message History

The skyshark bites you but does no damage.
The skyshark tail-slaps you but does no damage.
You block the skyshark's attack.
A yak comes into view.
You scratch the skyshark but do no damage.
The skyshark bites you but does no damage.
The skyshark tail-slaps you but does no damage. x2
The yak barely misses you.
A yak comes into view. x2
You mangle the skyshark!! The skyshark bites you.
The skyshark tastes blood and grows stronger!
The skyshark tail-slaps you. You block the skyshark's attack.
The yak gores you.
The yak bellows!
You claw the skyshark!
The skyshark bites you but does no damage.
The skyshark tail-slaps you! The skyshark barely misses you. The yak gores you.
You barely miss the skyshark. You block the skyshark's attack.
The skyshark tail-slaps you but does no damage.
You block the skyshark's attack. The yak gores you but does no damage.
You claw the skyshark! The skyshark bites you!!
A demonic guardian appears!
The skyshark enters a blood-rage!
The skyshark barely misses you.
The skyshark tail-slaps you but does no damage.
You block the yak's attack.
You mangle the skyshark!!
You kill the skyshark!
Makhleb accepts your kill. The yak gores you but does no damage.
Your rust devil hits the yak!
Your rust devil corrodes the yak!
Your Armour skill increases to level 5!
You mangle the yak!! The yak gores you but does no damage.
Your rust devil barely misses the yak.
You barely miss the yak. You scratch the yak.
You kill the yak!
Makhleb accepts your kill.
You feel better. The yak closely misses you.
Your rust devil hits the yak!
Your rust devil corrodes the yak!
You block the yak's attack.
You scratch the yak but do no damage. The yak gores you!
The yak barely misses you.
Your rust devil hits the yak!
The yak seems to be corroded for longer.
The yak gores you.
You mangle the yak!!
You kill the yak!
Makhleb accepts your kill.
You feel better. The yak gores you but does no damage.
The yak closely misses you.
Your rust devil hits the yak!
Your rust devil corrodes the yak!
The yak gores you.
You mangle the yak!!
The yak gores you but does no damage. x3
Your rust devil hits the yak.
The yak seems to be corroded for longer.
You mangle the yak!!
You kill the yak!
Makhleb accepts your kill.
You feel better. The yak gores you but does no damage.
You block the yak's attack.
You scratch the yak. The yak gores you! You block the yak's attack.
Your rust devil hits the yak.
Your rust devil corrodes the yak!
You mangle the yak!! You block the yak's attack. x2
Your rust devil completely misses the yak.
You mangle the yak!!
You kill the yak!
Makhleb accepts your kill.
You feel better. The yak gores you but does no damage.
You barely miss the yak. You scratch the yak. You block the yak's attack.
Your rust devil hits the yak.
Your rust devil corrodes the yak!
You claw the yak! The yak gores you but does no damage.
Your rust devil misses the yak.
You closely miss the yak. The yak gores you.
Your rust devil barely misses the yak.
You claw the yak! The yak gores you!
* * * LOW HITPOINT WARNING * * *
Your rust devil barely misses the yak.
You claw the yak!
You kill the yak!
Makhleb accepts your kill.
Your rust devil disappears in a puff of smoke!
There is a stone staircase leading up here.
You climb upwards.
There is a stone staircase leading down here.
You start resting.
You climb downwards.
There is a stone staircase leading up here.
A bullfrog comes into view.
Found an escape hatch in the floor.
The bullfrog gives a loud, deep croak!
You hear a roar!
A bullfrog is nearby!
A bullfrog is nearby!
A water moccasin comes into view.
You block the bullfrog's attack.
The water moccasin hisses angrily.
You mangle the bullfrog!!
You kill the bullfrog!
Makhleb accepts your kill.
Found an ichor-stained hand axe.
The water moccasin bites you but does no damage.
You closely miss the water moccasin. The water moccasin bites you.
You are poisoned.
The water moccasin poisons you!
You mangle the water moccasin!!
You kill the water moccasin!
Makhleb accepts your kill.
You feel better.
You feel very sick.
A skyshark comes into view.
Found 2 scrolls labelled DORULO BAOFOCO.
You feel very sick.
You feel sick.
You feel sick.
The skyshark bites you but does no damage.
The skyshark tail-slaps you.
The skyshark tail-slaps you but does no damage.
You barely miss the skyshark.
You feel sick. You block the skyshark's attack. The skyshark tail-slaps you.
The skyshark tail-slaps you but does no damage.
You claw the skyshark!
You feel sick. You block the skyshark's attack.
The skyshark closely misses you. You block the skyshark's attack.
You scratch the skyshark.
You feel sick. The skyshark bites you!
The skyshark tastes blood and grows stronger!
You block the skyshark's attack. The skyshark tail-slaps you.
You are too injured to fight recklessly!
Unknown command.
You claw the skyshark!
You feel sick. You block the skyshark's attack. The skyshark tail-slaps you!
The skyshark tail-slaps you but does no damage.
You completely miss the skyshark.
You feel sick. The skyshark bites you!
* * * LOW HITPOINT WARNING * * *
The skyshark enters a blood-rage!
You block the skyshark's attack. x2
You mangle the skyshark!!
You feel sick. You block the skyshark's attack. x2
The skyshark barely misses you.
You completely miss the skyshark.
You feel sick.
You are no longer poisoned.
You block the skyshark's attack. The skyshark tail-slaps you.
* * * LOW HITPOINT WARNING * * *
You block the skyshark's attack.
The skyshark bites you but does no damage.
You block the skyshark's attack. The skyshark tail-slaps you.
* * * LOW HITPOINT WARNING * * *
Aim: a skyshark (heavily wounded, berserk)
The bolt of negative energy hits the skyshark!!
The skyshark is drained!
You block the skyshark's attack. The skyshark tail-slaps you!
* * * LOW HITPOINT WARNING * * *
A demonic guardian appears!
The skyshark tail-slaps you!
* * * LOW HITPOINT WARNING * * *
Aim: a skyshark (almost dead, berserk, lightly drained, ally target)
The bolt of lightning hits the skyshark!
The skyshark bites you!!
You die...

...P.......#.........
..?...........P........(
.............<..........
........................
......#.................
.......#...#............
.........5..............
........................
....).l@.†............P.
.......................#
#.#..........>.........#
##....#...P#.....$..#
#....#...........
#...........P...
##...#.........
#..........#


You could see a skyshark (berserk, drained, ally target) and a friendly white
imp (summoned).

Vanquished Creatures
  2 hydras (Lair:2)
  A catoblepas (Lair:2)
  A two-headed ogre (D:9)
  2 skysharks
  Pikel (D:4)
  A manticore (D:9)
  A cyclops (D:11)
  Joseph (D:8)
  A black mamba (Lair:2)
  A kobold demonologist (D:10)
  2 cane toads
  An unseen horror (D:11)
  3 komodo dragons (Lair:2)
  Prince Ribbit (D:5)
  5 blink frogs (Lair:1)
  25 yaks
  2 fire elementals
  A wraith (D:11)
  A wyvern (D:9)
  7 fire bats
  13 vampire mosquitoes
  A basilisk (D:9)
  5 steam dragons
  Menkaure (D:6)
  A naga (Lair:2)
  An acid dragon (D:11)
  7 water moccasins
  6 orc warriors
  A black bear (Lair:1)
  4 ice beasts
  A sky beast (D:8)
  5 centaurs
  2 phantoms (D:4)
  3 lemures
  A kobold brigand (D:8)
  7 bullfrogs
  A gnoll sergeant (D:6)
  3 scorpions
  9 wights
  10 killer bees
  4 howler monkeys
  A lava snake (D:7)
  2 jellies (D:4)
  4 gnoll boudas
  5 orc priests
  2 iguanas
  A sleepcap (D:8)
  Natasha (twice) (D:2)
  10 orc wizards
  Ijyb (D:3)
  A malarious merfolk avatar (Sewer)
  A sickly merfolk siren (Sewer)
  25 gnolls
  8 adders
  4 river rats (Sewer)
  2 white imps
  2 ufetubi
  4 dart slugs
  47 orcs
  4 ball pythons
  12 endoplasms
  5 giant cockroaches
  11 goblins
  10 hobgoblins
  8 jackals
  7 kobolds
  5 quokkas
  10 bats
  6 frilled lizards
  26 rats
372 creatures vanquished.

Vanquished Creatures (collateral kills)
  A two-headed ogre (D:10)
  A boulder beetle (D:11)
  A hornet (D:9)
  A vampire mosquito (D:10)
  An orc warrior (Bailey)
  A killer bee (D:10)
  An orc priest (D:9)
  2 gnolls (D:8)
  3 orcs
12 creatures vanquished.

Vanquished Creatures (others)
  An orc (D:9)
  A fire vortex (Lair:1)
  7 fungi
  28 plants
37 creatures vanquished.

Grand Total: 421 creatures vanquished

Notes
Turn   | Place    | Note
-------+----------+-------------------------------------------
     0 | D:1      | CryoSword the Demonspawn Monk began the quest for the Orb.
     0 | D:1      | Reached XP level 1. HP: 18/18 MP: 1/1
   344 | D:1      | Gained mutation: You have sharp fingernails. [demonic
                  | ancestry]
   344 | D:1      | Reached XP level 2. HP: 11/24 MP: 2/2
   497 | D:1      | Reached skill level 1 in Unarmed Combat
   819 | D:1      | Gained mutation: You are partially covered in yellow
                  | scales. (AC +2) [demonic ancestry]
   819 | D:1      | Reached XP level 3. HP: 26/29 MP: 3/3
  1122 | D:2      | Reached skill level 2 in Unarmed Combat
  1382 | D:2      | You fall into a shaft and drop 2 floors!
  1449 | D:4      | Reached XP level 4. HP: 22/35 MP: 4/4
  1511 | D:4      | Reached skill level 3 in Unarmed Combat
  1770 | D:4      | Gained mutation: You have very sharp fingernails. [demonic
                  | ancestry]
  1770 | D:4      | Reached XP level 5. HP: 26/41 MP: 5/5
  1771 | D:4      | Reached skill level 4 in Unarmed Combat
  2140 | D:3      | Found a faded altar of an unknown god.
  2201 | D:3      | Found a glowing drain.
  2207 | D:3      | Reached skill level 5 in Unarmed Combat
  2216 | Sewer    | Entered a sewer
  2257 | Sewer    | Gained mutation: You have claws for hands. [demonic
                  | ancestry]
  2257 | Sewer    | Reached XP level 6. HP: 47/47 MP: 6/6
  2707 | D:3      | Noticed Ijyb
  2718 | D:3      | Killed Ijyb
  2776 | D:2      | Noticed Natasha
  2780 | D:2      | Killed Natasha
  2820 | D:2      | Reached skill level 6 in Unarmed Combat
  3203 | D:2      | Noticed Natasha
  3220 | D:2      | Killed Natasha
  3283 | D:2      | Gained mutation: You sometimes gain a little power by
                  | taking damage. [demonic ancestry]
  3283 | D:2      | Reached XP level 7. HP: 48/52 MP: 7/7
  4169 | D:4      | Reached skill level 7 in Unarmed Combat
  4636 | D:5      | Entered Level 5 of the Dungeon
  4718 | D:4      | HP: 1/52 [phantom (6)]
  5029 | D:4      | Reached skill level 8 in Unarmed Combat
  5078 | D:5      | Reached XP level 8. HP: 42/58 MP: 8/8
  5137 | D:5      | Found a staircase to the Ecumenical Temple.
  5146 | Temple   | Entered the Ecumenical Temple
  5154 | Temple   | Became a worshipper of Makhleb the Destroyer
  5154 | Temple   | Reached * piety under Makhleb
  5154 | Temple   | Reached ** piety under Makhleb
  5233 | D:5      | Reached skill level 1 in Invocations
  5398 | D:5      | Noticed Pikel
  5742 | D:4      | Killed Pikel
  5743 | D:4      | Reached skill level 9 in Unarmed Combat
  6188 | D:6      | Identified the +3 hand axe "Undertaker" {venom, rF- rC+++
                  | Will+ Str+4}
  6250 | D:6      | Noticed Prince Ribbit
  6417 | D:5      | Killed Prince Ribbit
  6418 | D:5      | Gained mutation: A weak demonic guardian rushes to your
                  | aid. [demonic ancestry]
  6418 | D:5      | Reached XP level 9. HP: 30/66 MP: 12/12
  6586 | D:6      | Noticed Menkaure
  6590 | D:6      | Killed Menkaure
  6619 | D:6      | Reached skill level 5 in Invocations
  6841 | D:5      | Reached skill level 5 in Fighting
  7122 | D:7      | Found a flagged portal.
  7153 | Bailey   | Entered a bailey
  7161 | Bailey   | Reached skill level 10 in Unarmed Combat
  7180 | Bailey   | Reached skill level 1 in Shields
  7557 | Bailey   | Reached *** piety under Makhleb
  8454 | D:7      | Reached skill level 1 in Armour
  8523 | D:7      | Found a broken altar of Ashenzari.
  8671 | D:7      | Found a bloodstained altar of Trog.
  8731 | D:7      | Reached XP level 10. HP: 72/76 MP: 14/14
  9099 | D:8      | Noticed Joseph
  9112 | D:8      | Killed Joseph
  9113 | D:8      | Reached skill level 11 in Unarmed Combat
  9392 | D:8      | Found a radiant altar of Vehumet.
  9899 | D:9      | Noticed a manticore
  9906 | D:9      | Killed a manticore
  9987 | D:9      | Found a staircase to the Lair.
  9996 | D:9      | Found a blossoming altar of Fedhas.
 10003 | D:9      | Reached **** piety under Makhleb
 10058 | D:9      | Found an ornate altar of the Wu Jian Council.
 10239 | D:9      | Found a staircase to the Orcish Mines.
 10279 | D:9      | Noticed a two-headed ogre
 10285 | D:9      | Killed a two-headed ogre
 10482 | D:9      | Gained mutation: You sometimes gain power by taking damage.
                  | [demonic ancestry]
 10482 | D:9      | Reached XP level 11. HP: 38/83 MP: 17/17
 11237 | D:10     | Entered Level 10 of the Dungeon
 11508 | D:10     | Noticed a two-headed ogre
 11513 | D:10     | Killed a two-headed ogre
 11563 | D:10     | Identified the +0 trident "Fuvas" {speed, Str+3 Int+4}
 12261 | D:11     | Noticed a skeletal warrior
 12263 | D:11     | Noticed a skeletal warrior
 12373 | D:11     | Noticed a boulder beetle
 12397 | D:11     | Killed a boulder beetle
 12398 | D:11     | Reached skill level 5 in Stealth
 12843 | D:11     | Noticed a skeletal warrior
 12844 | D:11     | Noticed a skeletal warrior
 12845 | D:11     | Noticed a skeletal warrior
 13227 | D:11     | Reached skill level 12 in Unarmed Combat
 13369 | Lair:1   | Entered Level 1 of the Lair of Beasts
 13441 | Lair:1   | Reached skill level 5 in Shields
 13446 | Lair:1   | Reached skill level 10 in Invocations
 13671 | Lair:1   | Reached XP level 12. HP: 91/91 MP: 19/19
 14811 | Lair:2   | Noticed a catoblepas
 14888 | Lair:2   | Killed a catoblepas
 14938 | Lair:2   | Noticed a six-headed hydra
 15106 | Lair:2   | Noticed an eight-headed hydra
 15117 | Lair:2   | Killed an eight-headed hydra
 15359 | Lair:2   | Found a staircase to the Snake Pit.
 15431 | Lair:2   | Found a staircase to the Swamp.
 15530 | Lair:2   | Killed a six-headed hydra
 15531 | Lair:2   | Reached skill level 5 in Dodging
 15805 | Lair:3   | Reached skill level 5 in Armour
 15982 | Lair:3   | Demolished by a skyshark

Illustrated notes

Levels and vault maps discovered:
D:1:      minmay_arrival_open_corners, layout_basic, chequers_big_river,
          minmay_surrounded
D:2:      layout_loops_ring, kennysheep_cluttered_room,
          hangedman_decor_diamond_cutter, st_stairs_14, uniq_natasha
D:3:      layout_basic, lemuel_tele_altar, zin_scriptorium,
          chequers_ecumenical_altar_simple_redux, portal_sewer_entry_d,
          hangedman_decor_clover_reticule, kennysheep_generic_room_5, uniq_ijyb
D:4:      layout_basic, elyvilon_altar_3
D:5:      layout_cave_pools, minmay_temple_entry_mini_moons, uniq_pikel
D:6:      layout_gridville, uniq_menkaure, uniq_prince_ribbit1
D:7:      layout_rooms, nicolae_ashenzari_panopticon, old_standard_altar,
          enter_bailey_3, nicolae_lava_and_water
D:8:      layout_loops_ring, kennysheep_mini, uniq_joseph
D:9:      minmay_the_grid_triangle_9x9_rhombus_full
          [minmay_the_grid_triangle_9x9_empty,
          minmay_the_grid_triangle_9x9_semitri,
          minmay_the_grid_triangle_9x9_checkered,
          minmay_the_grid_triangle_9x9_stretched_checkered,
          minmay_the_grid_triangle_9x9_negative_grid,
          minmay_the_grid_triangle_9x9_fully_insulated_deathbox,
          minmay_the_grid_triangle_9x9_subtriangle,
          minmay_the_grid_triangle_9x9_prize_insulated], layout_loops_ring,
          fedhas_altar_2, nicolae_overflow_crystal_walls, dpeg_oklobed_lair,
          minmay_stone_trees_small, uniq_harold
D:10:     layout_roguey, centaur_isle
D:11:     layout_big_octagon, tso_metal_star
Temple:   eino_narrow_crystal_temple
Lair:1:   layout_chaotic_city, serial_bayou_pond_e
Lair:2:   layout_long_grid, minmay_swamp_entry_swarm,
          guppyfry_snake_entry_garden
Lair:3:   layout_chaotic_city, gammafunk_ghost_hydra_chop, grunt_megastairs_4,
          serial_bayou_shore_a, infiniplex_staircase_pool_2

Skill      XL: |  1  2  3  4  5  6  7  8  9 10 11 12 |
---------------+-------------------------------------+-----
Polearms       | 3 |  3.2
Unarmed Combat | 1 2 3 5 6 8 9 10 11 12 | 12.7
Invocations    | 4 6 8 10 11 | 11.5
Fighting       | 4 5 6 7 8 |  8.1
Shields        | 2 3 5 6 |  6.5
Armour         | 1 3 4 5 |  5.1
Stealth        | 3 5 6 |  6.0
Dodging        | 3 4 5 |  5.0

Action                     |  1- 3 |  4- 6 |  7- 9 | 10-12 || total
---------------------------+-------+-------+-------+-------++-------
  Melee: Spear             |   139 |       |       |       ||   139
         Punch             |     2 |     8 |     8 |       ||    18
         Unarmed           |    26 |   263 |   359 |   566 ||  1214
         Trident           |       |       |       |     3 ||     3
  Throw: Dart              |       |       |     6 |       ||     6
         Boomerang         |       |       |     4 |       ||     4
 Invoke: Minor Destruction |       |       |    23 |       ||    23
         Lesser Servant of |       |       |     1 |    11 ||    12
         Major Destruction |       |       |       |    10 ||    10
    Use: Scroll            |     2 |     4 |     2 |    10 ||    18
         Potion            |     1 |     1 |     7 |       ||     9
   Stab: Sleeping          |     4 |       |     1 |    15 ||    20
         Distracted        |       |       |     1 |     2 ||     3
 Armour: Leather armour    |    45 |       |       |       ||    45
         Robe              |     2 |       |       |       ||     2
         Scale mail        |    16 |    87 |   104 |       ||   207
         Shadow dragon sca |       |       |    29 |   444 ||   473
         Chain mail        |       |       |    23 |       ||    23
  Dodge: Dodged            |   109 |   102 |   136 |   216 ||   563
  Block: Buckler           |       |       |    23 |    27 ||    50
         Kite shield       |       |       |       |   277 ||   277

Table legend: (Time is in decaauts)
 A = Elapsed time spent in this place.
 B = Non-inter-level travel time spent in this place.
 C = Inter-level travel time spent in this place.
 D = Time resting spent in this place.
 E = Time spent auto-exploring this place.
 F = Levels seen in this place.
 G = Mean time per level.
                   A        B        C        D        E       F      G
               +--------+--------+--------+--------+--------+-----+--------+
         Total |  15917 |  15076 |    841 |   2400 |   8401 |  17 |  936.3 |
       Dungeon |  12015 |  11268 |    747 |   1911 |   6319 |  11 | 1092.3 |
        Temple |     16 |      9 |      7 |      0 |      0 |   1 |   16.0 |
          Lair |   2386 |   2299 |     87 |    170 |   1454 |   3 |  795.3 |
         Sewer |    386 |    386 |      0 |      0 |    155 |   1 |  386.0 |
        Bailey |   1112 |   1112 |      0 |    318 |    472 |   1 | 1112.0 |
               +--------+--------+--------+--------+--------+-----+--------+

Top non-repeatable levels by time:
     D:9: 1826 daAuts
     D:4: 1731 daAuts
  Lair:2: 1317 daAuts
    D:10: 1274 daAuts
     D:3: 1212 daAuts
     D:5: 1119 daAuts
  Bailey: 1112 daAuts
     D:1: 1076 daAuts
     D:2: 1050 daAuts
  Lair:1: 980 daAuts
     D:8: 892 daAuts
    D:11: 690 daAuts
     D:7: 685 daAuts
     D:6: 457 daAuts
   Sewer: 386 daAuts
